 Dungeon Crawl Stone Soup version 0.24-a0-618-ge4662a2d14 (webtiles) character file.

Game seed: 11910420709129005241, levelgen mode: deterministic

46 Oninnaise the Chopper (level 3, -14/29 HPs)
             Began as a Demonspawn Chaos Knight on Sept 16, 2019.
             Was a Plaything of Xom.
             Killed from afar by a worker ant (21 damage)
             ... with an exploding inner flame
             ... hexed by the player character
             ... on level 2 of the Dungeon.
             The game lasted 00:02:02 (781 turns).

Oninnaise the Chopper (Demonspawn Chaos Knight)      Turns: 781, Time: 00:02:05

Health: -14/29     AC:  7    Str: 13    XL:     3   Next: 44%
Magic:  3/3        EV: 11    Int: 13    God:    Xom [..*...]
Gold:   40         SH:  0    Dex: 12    Spells: 2/2 levels left

rFire    . . .     SeeInvis .   a - +0 hand axe (chaos)
rCold    . . .     Gourm    .   (no shield)
rNeg     . . .     Faith    .   b - +2 leather armour
rPois    .         Spirit   .   (no helmet)
rElec    .         Reflect  .   (no cloak)
rCorr    .         Harm     .   (no gloves)
MR       .....                  (no boots)
Stlth    +.........             (no amulet)
HPRegen  0.09/turn              (no ring)
MPRegen  0.08/turn              (no ring)

@: lethally poisoned (-14 -> -16)
A: yellow scales 1, powered by pain 1
a: Renounce Religion


You were on level 2 of the Dungeon.
You worshipped Xom.
You were a toy of Xom.
You were not hungry.

You visited 1 branch of the dungeon, and saw 3 of its levels.

You collected 40 gold pieces.

Inventory:

Hand Weapons
 a - a +0 hand axe of chaos (weapon)
Armour
 b - a +2 leather armour (worn)
Scrolls
 d - 3 scrolls of identify
 g - 2 scrolls of enchant weapon {unknown}
 h - a scroll of amnesia {unknown}
 i - a scroll of remove curse {unknown}
Comestibles
 c - 4 rations


   Skills:
 - Level 3.0 Fighting
 + Level 4.0 Axes
 - Level 1.7 Armour
 - Level 0.8 Dodging
 + Level 0.4 Stealth


You had 2 spell levels left.
You didn't know any spells.
Your spell library was empty.

Dungeon Overview and Level Annotations

Branches:
Dungeon (3/15)

Altars:


Innate Abilities, Weirdness & Mutations

You are partially covered in yellow scales. (AC +2)
You sometimes gain a little power by taking damage.


Message History

As you read the scroll labeled FENIVIXZOG, it crumbles to dust.
It is a scroll of identify.
e - a scroll of immolation The worker ant closely misses you.
Okay, then.
Really read the scroll of immolation?
Uppercase [Y]es or [N]o only, please.
Really read the scroll of immolation?
As you read the scroll of immolation, it crumbles to dust.
The creatures around you are filled with an inner flame!
The worker ant barely misses you. The worker ant bites you.
* * * LOW HITPOINT WARNING * * *
You feel sick.
You hit the worker ant.
Lightning courses through the worker ant!
The worker ant explodes!
The fiery explosion engulfs you!!
Ouch! That really hurt!
You die...
Xom chortles!

### #.. #.# ### ####.#
#############.#########.##.##
..........§§@................
...........##.####......##.##
.................#.........#
..............##.#.....(####
...........##.##.######(####
........)........## #.†....#
..................###...)..#
............##.#...........#
#..######....†.#...........#


There were no monsters in sight!

Vanquished Creatures
  An ooze (D:1)
  2 worms (D:2)
  2 dart slugs (D:1)
  2 leopard geckos (D:2)
  A hobgoblin (D:1)
  3 jackals (D:1)
  A ball python (D:1)
  9 bats
  3 frilled lizards
  3 goblins
  3 kobolds
  2 rats (D:1)
32 creatures vanquished.

Notes
Turn   | Place    | Note
-------+----------+-------------------------------------------
     0 | D:1      | Oninnaise the Demonspawn Chaos Knight began the quest for
                  | the Orb.
     0 | D:1      | Reached XP level 1. HP: 18/18 MP: 1/1
    41 | D:1      | XOM: silly message
    55 | D:1      | Reached skill level 3 in Axes
   147 | D:1      | Gained mutation: You are partially covered in yellow
                  | scales. (AC +2) [demonic ancestry]
   147 | D:1      | Reached XP level 2. HP: 23/24 MP: 2/2
   343 | D:1      | Gained mutation: You sometimes gain a little power by
                  | taking damage. [demonic ancestry]
   343 | D:1      | Reached XP level 3. HP: 22/29 MP: 3/3
   672 | D:2      | Reached skill level 4 in Axes
   692 | D:2      | XOM: smoke on damage
   737 | D:2      | Found a faded altar of an unknown god.
   739 | D:2      | XOM: destruction
   765 | D:2      | XOM: harmless Tmut miscast
   773 | D:2      | XOM: silly message
   774 | D:3      | XOM: noise
   781 | D:2      | Killed from afar by a worker ant

Levels and vault maps discovered:
D:1:      elethiomel_arrival_fortress_basement, layout_rooms
D:2:      layout_basic, first_ration, chequers_ecumenical_altar_island,
          minmay_tromino_v2
D:3:      layout_basic, uniq_natasha

Skill      XL: |  1  2  3 |
---------------+----------+-----
Axes           | 3 4 |  4.0
Fighting       | |  3.0
Armour         | |  1.7
Dodging        | |  0.8
Stealth        | |  0.4

Action                   || total
-------------------------++-------
Melee: Hand axe          ||    89
  Use: Scroll            ||     2
       Potion            ||     1
 Stab: Paralysed         ||     1
Armor: Leather armour    ||    53
       Skin              ||     5
Dodge: Dodged            ||    63

Table legend:
 A = Non-vault XP
 B = Vault XP
 C = Vault XP percentage of total XP
 D = Non-vault monster count
 E = Vault monster count
 F = Vault count percentage of total count
                 A         B        C        D         E       F
            +---------+---------+-------+---------+---------+-------
      Total |      64 |       2 |   3.0 |      31 |       1 |   3.1
            +---------+---------+-------+---------+---------+-------
        D:1 |      41 |       2 |   4.7 |      22 |       1 |   4.3
        D:2 |      23 |       0 |   0.0 |       9 |       0 |   0.0
            +---------+---------+-------+---------+---------+-------
